 Dungeon Sprint DCSS version 0.31-a0-1074-g0b22e4e0f1 (webtiles) character file.

Game seed: 6984230574038632333

1656 bmb222 the Grappler (level 9, 0/55 HPs)
             Began as an Octopode Shapeshifter on Nov 30, 2023.
             Was an Initiate of Jiyva.
             Slain by a centaur warrior (5 damage)
             ... in the Dungeon (Sprint I: "Red Sonja").
             The game lasted 00:02:06 (378 turns).

bmb222 the Grappler (Octopode Shapeshifter)          Turns: 378, Time: 00:02:06

Health: 0/55       AC:  1    Str: 17    XL:     9   Next: 0%
Magic:  9/9        EV: 15    Int: 12    God:    Jiyva [......]
Gold:   379        SH:  0    Dex: 12    Spells: 8/8 levels left

rFire   . .          .
                       - Unarmed
rCold   . . .        (no shield)
rNeg    . . .        (helmet currently unavailable)
rPois   .            (no amulet)
rElec   .            (no ring)
rCorr   .            (no ring)
SInv    .            (no ring)
Will    .....        (no ring)
Stlth   ++++         (no ring)
HPRegen 0.29/turn    (no ring)
MPRegen 0.11/turn    (no ring)
                     (no ring)

%: no teleportation
@: beast-form
A: beast (slay +4), almost no armour, amphibious, 8 rings, camouflage 1,
gelatinous body 1, (nimble swimmer 1), tentacles
a: Begin Untransformation, Renounce Religion


You were in the Dungeon.
You worshipped Jiyva.
Jiyva was noncommittal.
You were a hulking beast.
You visited 1 branch You collected 379 gold pieces.

Inventory:

Talismans
 b - a beast talisman
 c - a flux talisman
Wands
 h - a wand of paralysis (4)
Potions
 a - a potion of lignification
 d - a potion of curing
 e - a potion of heal wounds
 g - 2 potions of magic


   Skills:
 + Level 2.5 Fighting
 + Level 6.1 Dodging
 - Level 7.5 Stealth
 * Level 14.6 Unarmed Combat
 + Level 2.5 Evocations
 + Level 9.7 Shapeshifting


You had 8 spell levels left.
You didn't know any spells.
Your spell library was empty.

Dungeon Overview and Level Annotations

Branches:
Dungeon (1/1)

Altars:
Cheibriados
Dithmenos
Elyvilon
Fedhas
Gozag
Hepliaklqana
Kikubaaqudgha
Makhleb
Nemelex Xobeh
Okawaru
Qazlal
Ru
Sif Muna
Trog
Uskayaw
Vehumet
Wu Jian
Xom
Yredelemnul
Zin
The Shining One
Jiyva
Lugonu

Shops:
D (


Innate Abilities, Weirdness & Mutations

You are a hulking beast.
Your limbs bulge with bestial killing power. (Slay +4)
You cannot wear most types of armour.
You are amphibious.
You can wear up to eight rings at the same time.
Your skin changes colour to match your surroundings (Stealth+).
Your rubbery body absorbs attacks. (AC +1, EV +1)
((You are camouflaged when in or above water. (Stealth+)))
You have tentacles for arms and can constrict up to eight enemies at once.


Message History

You tentacle-slap the centaur warrior.
The centaur warrior is almost dead.
The centaur warrior misses you. The centaur warrior barely misses you.
The centaur warrior completely misses you.
The centaur warrior kicks you but does no damage.
You tentacle-slap the centaur warrior.
The centaur warrior is almost dead.
The centaur warrior closely misses you. The centaur warrior kicks you.
You bludgeon the centaur warrior!
You kill the centaur warrior!
You hear a distant slurping noise.
Your Dodging skill increases to level 6!
Your Unarmed Combat skill increases to level 14!
You have reached level 9!
Your experience leads to an increase in your attributes!
Increase (S)trength, (I)ntelligence, or (D)exterity?
You feel stronger. x2
The centaur warrior shouts!
The centaur warrior completely misses you.
The centaur warrior closely misses you.
You hear a distant slurping noise.
The centaur warrior hits you. The centaur warrior kicks you.
You bludgeon the centaur warrior!
Your tentacle-slap misses the centaur warrior.
The centaur warrior is moderately wounded.
The centaur warrior hits you. The centaur warrior kicks you.
* * * LOW HITPOINT WARNING * * *
You hear a distant slurping noise.
You batter the centaur warrior!!
The centaur warrior is severely wounded.
The centaur warrior closely misses you. The centaur warrior kicks you.
* * * LOW HITPOINT WARNING * * *
Unknown command.
Okay, then.
You closely miss the centaur warrior. You squeeze the centaur warrior!
The centaur warrior is severely wounded.
The centaur warrior hits you!
* * * LOW HITPOINT WARNING * * *
The centaur warrior kicks you.
You die...

######################
..').#..'..#__#.s....#
).#..').#..'..+..#..§#
####'#####'#__####..sss.#
###..#...#.####§G#####..+
__####..##.#§§§§c# +##
_____##'#_.§§~§§h+
_.∩...'...§#§§~§§#
_..__##_.#+##+####
_____###+# ######


You could see a centaur warrior and a neutral glass eye (wandering) (fellow
slime).

Vanquished Creatures
  A centaur warrior (D)
  2 kobold demonologists (D)
  A slime creature (D)
  Sigmund (D)
  A yak (D)
  An ogre (D)
  A jelly (D)
  Ijyb (D)
9 creatures vanquished.

Vanquished Creatures (others)
  A glass eye (D)
  7 necrophages (D)
  15 jellies (D)
23 creatures vanquished.

Grand Total: 32 creatures vanquished

Notes
Turn   | Place    | Note
-------+----------+-------------------------------------------
     0 | D        | bmb222 the Octopode Shapeshifter began the quest for the
                  | Orb.
     0 | D        | Reached XP level 1. HP: 13/13 MP: 1/1
     3 | D        | Noticed Ijyb
     5 | D        | Killed Ijyb
     6 | D        | Reached skill level 4 in Unarmed Combat
     6 | D        | Reached XP level 2. HP: 18/18 MP: 2/2
    59 | D        | Noticed an ogre
    65 | D        | Killed an ogre
    66 | D        | Reached skill level 6 in Unarmed Combat
    66 | D        | Reached XP level 3. HP: 23/23 MP: 3/3
    66 | D        | Reached XP level 4. HP: 28/28 MP: 4/4
    74 | D        | Noticed Sigmund
    80 | D        | Killed Sigmund
    81 | D        | Reached skill level 7 in Unarmed Combat
    81 | D        | Reached skill level 1 in Evocations
    81 | D        | Reached XP level 5. HP: 33/33 MP: 5/5
    81 | D        | Reached XP level 6. HP: 38/38 MP: 6/6
    93 | D        | Found a shimmering blue altar of Sif Muna.
    94 | D        | Found an ornate altar of the Wu Jian Council.
    96 | D        | Found a radiant altar of Vehumet.
   102 | D        | Reached skill level 8 in Unarmed Combat
   124 | D        | Found Pariont's Antique Weapon Emporium.
   124 | D        | Found an ancient bone altar of Kikubaaqudgha.
   124 | D        | Found a hazy altar of Hepliaklqana.
   124 | D        | Found a stormy altar of Qazlal.
   124 | D        | Found a hide-covered altar of Uskayaw.
   124 | D        | Found a blossoming altar of Fedhas.
   124 | D        | Found a bloodstained altar of Trog.
   124 | D        | Found an iron altar of Okawaru.
   124 | D        | Found a basalt altar of Yredelemnul.
   124 | D        | Found a glowing golden altar of the Shining One.
   124 | D        | Found a snail-covered altar of Cheibriados.
   124 | D        | Found a sacrificial altar of Ru.
   124 | D        | Found a glowing silver altar of Zin.
   124 | D        | Found a shadowy altar of Dithmenos.
   124 | D        | Found a white marble altar of Elyvilon.
   124 | D        | Noticed a yak
   125 | D        | Found an opulent altar of Gozag.
   131 | D        | Killed a yak
   132 | D        | Reached skill level 9 in Unarmed Combat
   228 | D        | Found a sparkling altar of Nemelex Xobeh.
   247 | D        | Found a viscous altar of Jiyva.
   247 | D        | Found a corrupted altar of Lugonu.
   247 | D        | Noticed a slime creature
   248 | D        | Found a burning altar of Makhleb.
   248 | D        | Found a shimmering altar of Xom.
   255 | D        | Killed a slime creature
   256 | D        | Reached skill level 10 in Unarmed Combat
   256 | D        | Reached XP level 7. HP: 30/43 MP: 7/7
   259 | D        | Became a worshipper of Jiyva Jokhizil the Shapeless
   269 | D        | Noticed a glass eye
   270 | D        | Noticed a kobold demonologist
   273 | D        | Noticed a kobold demonologist
   279 | D        | Killed a kobold demonologist
   280 | D        | Reached skill level 5 in Dodging
   280 | D        | Reached skill level 12 in Unarmed Combat
   285 | D        | Killed a kobold demonologist
   286 | D        | Reached skill level 13 in Unarmed Combat
   286 | D        | Reached XP level 8. HP: 35/50 MP: 8/8
   349 | D        | Noticed a demonic crawler
   349 | D        | Noticed a demonic crawler
   349 | D        | Noticed a demonic crawler
   349 | D        | Noticed a demonic crawler
   361 | D        | Noticed a centaur warrior
   361 | D        | Noticed a centaur warrior
   366 | D        | Killed a glass eye
   374 | D        | Killed a centaur warrior
   375 | D        | Reached skill level 14 in Unarmed Combat
   375 | D        | Reached XP level 9. HP: 25/55 MP: 9/9
   378 | D        | Slain by a centaur warrior

Illustrated notes

Levels and vault maps discovered:
D:        dungeon_sprint_1 [red_sonja_temple_1, red_sonja_temple_small_1]

Skill      XL: |  1  2  3  4  5  6  7  8 |
---------------+-------------------------+-----
Unarmed Combat | 4 6 7 10 13 14 | 14.6
Shapeshifting  | 4 6 7 8 9 |  9.7
Dodging        | 3 4 5 6 |  6.1
Stealth        | 3 7 |  7.5
Evocations     | 1 2 |  2.5
Fighting       | 2 |  2.5

Action                     |  1- 3 |  4- 6 |  7- 9 || total
---------------------------+-------+-------+-------++-------
  Melee: Unarmed           |     6 |    17 |    19 ||    42
         Tentacles         |     4 |     5 |     4 ||    13
         Constrict         |     1 |     1 |     2 ||     4
         Punch             |       |       |     1 ||     1
  Evoke: Wand              |     1 |     2 |       ||     3
    Use: Potion            |     1 |     1 |       ||     2
         Scroll            |       |       |     1 ||     1
   Stab: Paralysed         |     4 |     3 |       ||     7
         Sleeping          |       |     2 |     1 ||     3
 Armour: Skin              |       |     5 |    15 ||    20
  Dodge: Dodged            |       |     5 |    14 ||    19

Table legend: (Time is in decaauts)
 A = Elapsed time spent in this place.
 B = Non-inter-level travel time spent in this place.
 C = Inter-level travel time spent in this place.
 D = Time resting spent in this place.
 E = Time spent auto-exploring this place.
 F = Levels seen in this place.
 G = Mean time per level.
                   A        B        C        D        E       F      G
               +--------+--------+--------+--------+--------+-----+--------+
         Total |    364 |    364 |      0 |    223 |      0 |   1 |  364.0 |
       Dungeon |    364 |    364 |      0 |    223 |      0 |   1 |  364.0 |
               +--------+--------+--------+--------+--------+-----+--------+

Top non-repeatable levels by time:
       D: 364 daAuts
